 Dungeon Sprint DCSS version 0.27-a0-1532-gca18f49f40 (webtiles) character file.

Game seed: 11801865951310757982

800000 xSliceyx the Shield-Bearer (level 1, -10/18 HPs)
             Began as a Demigod Fighter on July 13, 2021.
             Mangled by a meat berserker (28 damage)
             ... in the Dungeon (Sprint VIII: "Arena of Blood").
             The game lasted 00:01:01 (8 turns).

xSliceyx the Shield-Bearer (Demigod Fighter)           Turns: 8, Time: 00:01:02

Health: -10/18     AC:  6    Str: 17    XL:     1   Next: 0%
Magic:  3/3        EV:  9    Int: 10    God:
Gold:   0          SH:  0    Dex: 13    Spells: 0/0 levels left

rFire    . . .     SeeInvis .   k - +∞ Axe of Woe
rCold    . . .     Faith    .   (shield currently unavailable)
rNeg     . . .     Spirit   .   b - +0 scale mail
rPois    .         Reflect  .   (no helmet)
rElec    .         Harm     .   (no cloak)
rCorr    .         Rampage  .   (no gloves)
Will     .....     NoTele   +   (no boots)
Stlth    ..........             (no amulet)
HPRegen  0.06/turn              (no ring)
MPRegen  0.08/turn              (no ring)

@: no status effects
A: high mp 1, forlorn
a: no special abilities


You were in the Dungeon.
You visited 1 branch

Inventory:

Hand Weapons
 a - a +0 war axe
 k - the +∞ Axe of Woe (weapon)
   (You found it in the Dungeon)
Armour
 b - a +0 scale mail (worn)
 c - a +0 kite shield
Scrolls
 j - a scroll of blinking
Potions
 d - a potion of might
 e - a potion of curing
 f - a potion of heal wounds
 g - a potion of haste
 h - 2 potions of magic
 i - a potion of berserk rage


   Skills:
 + Level 2.6 Fighting
 + Level 1.7 Axes
 - Level 2.6 Armour
 - Level 2.6 Shields


You couldn't memorise any spells.
You didn't know any spells.
Your spell library was empty.

Dungeon Overview and Level Annotations

Branches:
Dungeon (1/1)


Innate Abilities, Weirdness & Mutations

Your attributes grow dramatically as you level up.
You have an increased reservoir of magic. (+10% MP)
You shall have no god before yourself.


Message History

Press ? for a list of commands and other information.
Found the +∞ Axe of Woe.
Found four burning altars of Makhleb.
Found a staircase leading out of the dungeon.
k - the +∞ Axe of Woe You don't know any spells.
You can't wield that with a shield.
You hear a shout! x5
Keep disrobing?
You hear a shout!
You start removing your armour.
You continue taking off your +0 kite shield.
The bag of meat shouts!
You hear a shout! x6
You continue taking off your +0 kite shield.
You hear a shout! x3
You continue taking off your +0 kite shield.
The bag of meat shouts! x2; You hear a shout! x6
You continue taking off your +0 kite shield.
You hear a shout! x2
The meat berserker rages.
You hear a shout!
You finish taking off your +0 kite shield.
k - the +∞ Axe of Woe (weapon)
The meat berserker appears out of thin air!
A meat berserker comes into view. It is wielding a +9 battleaxe.
The bag of meat shouts!
You hear a shout! x5
A bag of meat comes into view. It is wielding a +9 war axe.
The bag of meat shouts!
You hear a shout! x4
The meat berserker rages.
A bag of meat comes into view. It is wielding a +9 war axe.
You hear a shout!
The bag of meat moves out of view.
You hear a shout!
A meat berserker comes into view. It is wielding a +9 battleaxe.
You slash the meat berserker!
You fatally mangle the meat berserker.
You kill the meat berserker!
You hear a shout! x5
The meat berserker hits you with a +9 battleaxe!!
Ouch! That really hurt!
You die...

... .. #.. .# O
#.. ..# o.###..
..###.
......###o.....
....._..O...
#O....# #_@o._#
#O....#
...o._o.....
......###.o..o.
..###.. ..###.
. #.. ..# #..
.# ... ..


You could see 4 meat berserkers and 7 bags of meat.

Vanquished Creatures
  An ogre (D)
1 creature vanquished.

Notes
Turn   | Place    | Note
-------+----------+-------------------------------------------
     0 | D        | Found the +∞ Axe of Woe
     0 | D        | xSliceyx the Demigod Fighter began the quest for the Orb.
     0 | D        | Reached XP level 1. HP: 18/18 MP: 3/3
     1 | D        | Noticed a bag of meat
     1 | D        | Noticed a bag of meat
     3 | D        | Noticed a bag of meat
     3 | D        | Noticed a bag of meat
     3 | D        | Noticed a meat berserker
     3 | D        | Noticed a bag of meat
     4 | D        | Noticed a meat berserker
     5 | D        | Noticed a meat berserker
     5 | D        | Noticed a bag of meat
     7 | D        | Noticed a meat berserker
     7 | D        | Noticed a bag of meat
     7 | D        | Noticed a bag of meat
     8 | D        | Noticed a meat berserker
     8 | D        | Killed a meat berserker
     8 | D        | Mangled by a meat berserker

Illustrated notes

Levels and vault maps discovered:
D:        meatsprint

Action                   || total
-------------------------++-------
Melee: Executioner's axe ||     1

Table legend: (Time is in decaauts)
 A = Elapsed time spent in this place.
 B = Non-inter-level travel time spent in this place.
 C = Inter-level travel time spent in this place.
 D = Time resting spent in this place.
 E = Time spent auto-exploring this place.
 F = Levels seen in this place.
 G = Mean time per level.
                   A        B        C        D        E       F      G
               +--------+--------+--------+--------+--------+-----+--------+
         Total |      7 |      7 |      0 |      0 |      0 |   1 |    7.0 |
       Dungeon |      7 |      7 |      0 |      0 |      0 |   1 |    7.0 |
               +--------+--------+--------+--------+--------+-----+--------+

Top non-repeatable levels by time:
       D: 7 daAuts
